 Dungeon Crawl Stone Soup version 0.18-a0-1273-g8ec5f8e (webtiles) character file.

312 Stagor the Firebug (level 6, 0/32 HPs)
             Began as a Deep Elf Fire Elementalist on Feb 7, 2016.
             Was an Initiate of Sif Muna.
             Killed from afar by Blork the orc (5 damage)
             ... with a puff of flame
             ... on level 4 of the Dungeon.
             The game lasted 00:29:00 (3880 turns).

Stagor the Firebug (Deep Elf Fire Elementalist)     Turns: 3880, Time: 00:29:00

Health: 0/32       AC:  8    Str:  6    XL:     6   Next: 18%
Magic:  3/15       EV: 13    Int: 21    God:    Sif Muna [......]
Gold:   108        SH:  0    Dex: 15    Spells: 3 memorised, 7 levels left

rFire  . . .     SeeInvis .     s - +2 flail (protect)
rCold  . . .     Gourm    .     a - +0 robe
rNeg   . . .     Faith    .     (no shield)
rPois  .         Spirit   .     (no helmet)
rElec  .         Dismiss  .     v - +0 cloak
rCorr  +         Reflect  .     (no gloves)
SustAt .         Harm     .     (no boots)
MR     .....                    (no amulet)
Stlth  ++........               i - ring of resist corrosion
                                l - ring of wizardry

@: very slightly contaminated, not resistant to hostile enchantments, unstealthy
A: no striking features
a: Renounce Religion


You were on level 4 of the Dungeon.
You worshipped Sif Muna.
Sif Muna was noncommittal.
You were not hungry.

You visited 1 branch of the dungeon, and saw 4 of its levels.

You collected 108 gold pieces.

Inventory:

Hand Weapons
 f - a +0 short sword of venom
 s - a +2 flail of protection (weapon)
Missiles
 e - 126 stones (quivered)
Armour
 a - a +0 robe (worn)
 v - a +0 cloak (worn)
Jewellery
 i - a ring of resist corrosion (right hand)
 l - a ring of wizardry (left hand)
 p - a +4 ring of strength
Wands
 c - a wand of random effects (35/48)
Scrolls
 k - 2 scrolls of teleportation
 m - 2 scrolls of remove curse {unknown}
 q - a scroll of enchant armour {unknown}
 t - a scroll of identify
Potions
 d - a potion of haste {unknown}
 g - a potion of berserk rage {unknown}
 h - 2 potions of lignification {unknown}
 j - a potion of cure mutation {unknown}
 r - a potion of might {unknown}
Books
 b - a book of Flames

   Spells                             Type                      Level
   a - Flame Tongue                   Conjuration/Fire             1
   b - Throw Flame                    Conjuration/Fire             2
   c - Conjure Flame                  Conjuration/Fire             3
   d - Inner Flame                    Hexes/Fire                   3
   e - Sticky Flame                   Conjuration/Fire             4
   f - Fireball                       Conjuration/Fire             5
Comestibles
 o - a bread ration
 u - a beef jerky


   Skills:
 + Level 2.7 Dodging
 - Level 3.1 Stealth
 + Level 5.1 Spellcasting
 + Level 3.2 Conjurations
 * Level 5.6 Fire Magic


You had 7 spell levels left.
You knew the following spells:

 Your Spells              Type           Power        Failure   Level  Hunger
a - Flame Tongue          Conj/Fire      ###..        1%          1    None
b - Throw Flame           Conj/Fire      ###...       1%          2    None
c - Fireball              Conj/Fire      ###.......   26%         5    #####..


Dungeon Overview and Level Annotations

Branches:
Dungeon (4/15)
 Temple: D:4-7

Altars:
Dithmenos
Elyvilon
Kikubaaqudgha
Nemelex Xobeh
Pakellas
Ru
Sif Muna
Xom
The Shining One

Annotations:
D:4 Blork the orc


Message History

Confirm with . or Enter, or press ? or * to list all spells.
You can't see any susceptible monsters within range! (Use Z to cast anyway.) Unknown command.
Casting: Flame Tongue
Confirm with . or Enter, or press ? or * to list all spells.
You can't see any susceptible monsters within range! (Use Z to cast anyway.)
A puff of frost appears from out of thin air!
The puff of frost hits you!
* * * LOW HITPOINT WARNING * * *
A puff of flame appears from out of thin air!
The puff of flame misses you.
Casting: Flame Tongue
Confirm with . or Enter, or press ? or * to list all spells.
You can't see any susceptible monsters within range! (Use Z to cast anyway.) Unknown command.
You miss something.
You hear some strange, mumbled words.
A puff of flame appears from out of thin air!
The puff of flame hits you!
You die...

.........# ###...###......
...........>...#
#...###♣.......
...?...........#
##.###♣♣..♣#####
.?.............###..#♣♣...♣#
................##.##♣...♣#
#...............#..#♣....♣
.#................##♣....♣
...............#..#♣.....♣
#.........#@.#♣.....♣ ###
##.......###{#♣.....♣#
...#####..#...# #.#♣......♣#
.....####..#### #.##♣.....⌠♣
......####..#####..#♣...._.♣
...
........###..##....#♣.....⌠♣
.... ........#
##.......##♣....♣#♣...
.......#
##......#..#♣♣♣♣♣#♣...♣
....<.)#
#........#.######♣..♣ ##


There were no monsters in sight!

Vanquished Creatures
  A phantom (D:4)
  A giant frog skeleton (D:3)
  Natasha (twice) (D:2)
  4 gnolls (D:3)
  4 adders (D:3)
  A worm (D:2)
  2 giant geckos
  7 orcs (D:3)
  2 giant cockroaches
  7 hobgoblins
  3 jackals (D:3)
  7 kobolds
  A quokka (D:2)
  A ball python (D:3)
  5 bats
  5 giant newts
  7 goblins
  10 rats
70 creatures vanquished.

Notes
Turn   | Place    | Note
--------------------------------------------------------------
     0 | D:1      | Stagor the Deep Elf Fire Elementalist began the quest for the Orb.
     0 | D:1      | Reached XP level 1. HP: 10/10 MP: 6/6
   215 | D:1      | Reached XP level 2. HP: 15/15 MP: 1/8
   459 | D:1      | Learned a level 2 spell: Throw Flame
   687 | D:2      | Reached skill level 4 in Fire Magic
  1199 | D:2      | Reached XP level 3. HP: 19/19 MP: 5/9
  1376 | D:2      | Found a shimmering altar of Xom.
  1449 | D:2      | Noticed Natasha
  1456 | D:2      | Killed Natasha
  1641 | D:2      | Found a sparkling altar of Nemelex Xobeh.
  1771 | D:2      | Noticed Natasha
  1777 | D:2      | Killed Natasha
  1777 | D:2      | Reached XP level 4. HP: 24/24 MP: 3/11
  1944 | D:2      | Learned a level 4 spell: Sticky Flame
  2102 | D:3      | Found a sacrificial altar of Ru.
  2102 | D:3      | Found a glowing golden altar of the Shining One.
  2102 | D:3      | Found a shadowy altar of Dithmenos.
  2102 | D:3      | Found an oddly glowing altar of Pakellas.
  2102 | D:3      | Found an ancient bone altar of Kikubaaqudgha.
  2255 | D:3      | Reached skill level 5 in Fire Magic
  2278 | D:3      | Reached XP level 5. HP: 21/28 MP: 1/13
  2392 | D:3      | Learned a level 5 spell: Fireball
  3163 | D:3      | Found a deep blue altar of Sif Muna.
  3166 | D:3      | Became a worshipper of Sif Muna the Loreminder
  3678 | D:4      | Found a white marble altar of Elyvilon.
  3712 | D:4      | Noticed a phantom
  3743 | D:4      | Killed a phantom
  3743 | D:4      | Reached skill level 5 in Spellcasting
  3743 | D:4      | Reached XP level 6. HP: 32/32 MP: 0/15
  3855 | D:4      | Noticed Blork the orc
  3880 | D:4      | Killed from afar by Blork the orc

Vault maps used:
D:1:      mrwooster_arrival_arrow
D:2:      xom_butterflies, lemuel_coloured_pillars_altar, uniq_natasha
D:3:      lemuel_doored_altar, grunt_temple_overflow_open
D:4:      kennysheep_ying_yang, first_bread, uniq_blork_the_orc, uniq_pikel

Action                   |  1- 3 |  4- 6 || total
-------------------------+-------+-------++-------
Melee: Short sword       |     5 |     3 ||     8
       Flail             |       |     7 ||     7
 Cast: Flame Tongue      |    49 |    73 ||   122
       Throw Flame       |     4 |    16 ||    20
       Fireball          |       |     2 ||     2
  Use: Scroll            |     2 |     3 ||     5
 Stab: Sleeping          |     1 |       ||     1
  Eat: Bread ration      |     1 |       ||     1
       Meat ration       |       |     1 ||     1
       Royal jelly       |       |     1 ||     1
